 Dungeon Crawl Stone Soup version 0.20.1-1-g8b1a95d (webtiles) character file.

132 Rikh the Slasher (level 5, -5/28 HPs)
             Began as a Vine Stalker Berserker on Oct 18, 2017.
             Was a Believer of Trog.
             Slain by Crazy Yiuf
             ... wielding a +3 quarterstaff of chaos
              (7 damage)
             ... on level 3 of the Dungeon.
             The game lasted 00:26:41 (1946 turns).

Rikh the Slasher (Vine Stalker Berserker)           Turns: 1946, Time: 00:26:43

Health: -5/28      AC:  3    Str: 20    XL:     5   Next: 15%
Magic:  0/15       EV: 12    Int:  7    God:    Trog [**....]
Gold:   118        SH:  0    Dex: 14    Spells: 4/4 levels left

rFire    . . .     SeeInvis .   a - +0 falchion
rCold    . . .     Gourm    .   (no shield)
rNeg     . . .     Faith    .   v - +0 leather armour
rPois    .         Spirit   +   (no helmet)
rElec    .         Reflect  .   (no cloak)
rCorr    .         Harm     .   (no gloves)
MR       .....     Rnd*Tele +   (no boots)
Stlth    +.........             i - amulet of magic regeneration
Regen    0.5/turn               m - ring of teleportation (curse)
MPRegen  0.3/turn               g - ring of magical power

@: no status effects
A: fangs 2, regeneration 1, magic shield, antimagic bite, no potion heal 3, rot
immunity
a: Berserk, Trog's Hand, Burn Spellbooks, Renounce Religion


You were on level 3 of the Dungeon.
You worshipped Trog.
Trog was pleased with you.
You were not hungry.

You visited 1 branch of the dungeon, and saw 3 of its levels.

You collected 118 gold pieces.

Inventory:

Hand Weapons
 a - a +0 falchion (weapon)
 f - a +0 hunting sling
 j - a +2 dagger of pain
 n - a +0 short sword
 o - a +2 dagger of venom
 q - a cursed -3 whip
 r - a +0 halberd
 s - a +0 spear
 w - a +0 halberd
 x - a +0 dagger
 y - a +0 hunting sling
 z - a +0 mace
 B - a +0 club
 C - a cursed -2 dagger
 D - a cursed -2 club
 E - a +0 club
 F - a +2 dagger of venom
 H - a +0 falchion
 K - a +0 dagger
Missiles
 e - 103 stones (quivered)
 k - 5 javelins
 p - 58 bolts
 I - 6 poisoned needles
 J - a throwing net
Armour
 b - a +0 animal skin
 c - a +0 leather armour
 v - a +0 leather armour (worn)
 A - a +0 leather armour
 L - a +0 leather armour
Jewellery
 g - a ring of magical power (right hand)
 i - an amulet of magic regeneration (around neck)
 m - a cursed ring of teleportation (left hand)
Wands
 M - a wand of lightning (5/15)
Scrolls
 l - 4 scrolls of identify
 t - a scroll of teleportation
Potions
 u - a potion of curing
Comestibles
 d - 5 fruits
 h - 2 royal jellies
 G - a meat ration


   Skills:
 * Level 3.6 Fighting
 * Level 3.9 Long Blades
 + Level 1.9 Armour
 + Level 2.2 Dodging
 - Level 0.3 Stealth


You had 4 spell levels left.
You didn't know any spells.

Dungeon Overview and Level Annotations

Branches:
Dungeon (3/15)

Altars:
Gozag

Annotations:
D:3 Crazy Yiuf


Innate Abilities, Weirdness & Mutations

You have extremely sharp teeth.
Your natural rate of healing is unusually fast.
When hurt, damage is shared between your health and your magic reserves.
Your bite disrupts and absorbs the magic of your enemies.
Potions cannot restore your health.
You are immune to rotting.


Message History

Crazy Yiuf hits you with a quarterstaff of chaos!
Crazy Yiuf burns you!
You hit Crazy Yiuf. You bite Crazy Yiuf. You drain his power.
You feel invigorated.
Crazy Yiuf is almost dead.
You feel sick.
Crazy Yiuf hits you with a quarterstaff of chaos!
* * * LOW HITPOINT WARNING * * *
You are lethally poisoned!
You barely miss Crazy Yiuf.
Crazy Yiuf is almost dead.
* * * LOW HITPOINT WARNING * * *
You feel sick.
Crazy Yiuf laughs, "Race!"
Crazy Yiuf hits you with a quarterstaff of chaos.
* * * LOW HITPOINT WARNING * * *
Crazy Yiuf freezes you.
Your system rejects the healing.
You feel better.
Crazy Yiuf hits you with a quarterstaff of chaos!
You die...

##.........#
##..##
####..######
##.######..#
#....#
#...........
##.######..#
##...#
#.###.######
##.........#
##.##
#.###.# #
....######.#
##.# #...#.#
# #...# #.
#.##
###.#.######
....#####
##.#
#.........
........
#.##
###.#.##.###
..<......
#@#
#...#.##.#
#...#####
#.g.#
#####.##.# #
....# #...#
#....###
..#.# #)..#
####....
..#.# #####
#.### ..#.#
#.# # ..#.#
##.# #
..#.#####
#..# #
.##.....#
#.## #


You could see Crazy Yiuf.

Vanquished Creatures
  3 gnolls (D:2)
  3 adders
  2 oozes (D:2)
  2 worms
  A dart slug (D:1)
  A leopard gecko (D:2)
  2 orcs (D:3)
  2 giant cockroaches
  5 hobgoblins
  7 jackals
  A quokka (D:3)
  A ball python (D:3)
  7 bats
  3 frilled lizards
  6 goblins
  7 kobolds
  6 rats
59 creatures vanquished.

Notes
Turn   | Place    | Note
-------+----------+-------------------------------------------
     0 | D:1      | Rikh the Vine Stalker Berserker began the quest for the Orb.
     0 | D:1      | Reached XP level 1. HP: 11/11 MP: 2/2
   179 | D:1      | Reached XP level 2. HP: 15/16 MP: 3/3
   808 | D:2      | Reached XP level 3. HP: 19/20 MP: 4/4
   820 | D:2      | Reached ** piety under Trog
   820 | D:2      | Gained mutation: Your natural rate of healing is unusually fast. [Vine Stalker growth]
   820 | D:2      | Reached XP level 4. HP: 2/24 MP: 5/5
  1207 | D:2      | Found an opulent altar of Gozag.
  1453 | D:3      | Reached XP level 5. HP: 28/28 MP: 6/6
  1934 | D:3      | Found a runed door.
  1938 | D:3      | Noticed Crazy Yiuf
  1946 | D:3      | Slain by Crazy Yiuf

Skill      XL: |  1  2 |
---------------+-------+-----
Dodging        | 2 |  2.2
Long Blades    | 3 |  3.9
Fighting       | 3 |  3.6
Armour         | |  1.9
Stealth        | |  0.3

Action                   |  1- 3 |  4- 6 || total
-------------------------+-------+-------++-------
Melee: Falchion          |    49 |    81 ||   130
       Bite              |    26 |    30 ||    56
       Dagger            |    12 |     8 ||    20
  Use: Scroll            |     3 |     1 ||     4
       Potion            |     4 |     4 ||     8
 Stab: Sleeping          |     2 |       ||     2
  Eat: Bread ration      |     1 |       ||     1
Armor: Animal skin       |     7 |       ||     7
       Leather armour    |     1 |    21 ||    22
Dodge: Dodged            |    42 |    51 ||    93
       Rpst.: Falchion   |     7 |    18 ||    25
